 Dungeon Crawl Stone Soup version 0.29.0-7-g18a832c13a (webtiles) character file.

Game seed: 3744502342276808814

14 Anamonty the Insei (level 2, 0/18 HPs)
             Began as an Octopode Transmuter on Aug 31, 2022.
             Slain by a goblin
             ... wielding a +0 club
              (2 damage)
             ... on level 1 of the Dungeon.
             The game lasted 00:00:54 (877 turns).

Anamonty the Insei (Octopode Transmuter)             Turns: 877, Time: 00:00:54

Health: 0/18       AC:  1    Str:  9    XL:     2   Next: 41%
Magic:  4/5        EV: 13    Int: 15    God:
Gold:   20         SH:  0    Dex: 12    Spells: 4/5 levels left

rFire   . . .      SeeInvis .     - Unarmed
rCold   . . .      Faith    .   (no shield)
rNeg    . . .      Spirit   .   (helmet currently unavailable)
rPois   .          Reflect  .   (no amulet)
rElec   .          Harm     .   (no ring)
rCorr   .          Rampage  .   (no ring)
Will    .....                   (no ring)
Stlth   ++........              (no ring)
HPRegen 0.06/turn               (no ring)
MPRegen 0.09/turn               (no ring)
                                (no ring)
                                (no ring)

@: appendages
A: tentacle spike 3, almost no armour, amphibious, 8 rings, camouflage 1,
gelatinous body 1, (nimble swimmer 1), tentacles
a: End Transformation


You were on level 1 of the Dungeon.
One of your tentacles had grown a beastly spike.
You visited 1 branch of the dungeon, and saw 1 of its levels.

You collected 20 gold pieces.

Inventory:

Scrolls
 b - 2 scrolls of magic mapping {unknown}
 c - 2 scrolls of identify {unknown}
 e - a scroll of butterflies {unknown}
Potions
 a - 2 potions of lignification
 d - a potion of mutation {unknown}
 f - a potion of invisibility {unknown}


   Skills:
 * Level 1.6 Fighting
 + Level 2.1 Dodging
 + Level 3.0 Unarmed Combat
 + Level 2.1 Spellcasting
 * Level 2.3 Transmutations


You had 4 spell levels left.
You knew the following spells:

 Your Spells              Type           Power      Damage    Failure   Level
a - Beastly Appendage     Tmut           16%        N/A       9%          1

Your spell library contained the following spells:

 Spells                   Type           Power      Damage    Failure   Level
 Wereblood                Tmut           8%         N/A       13%         2
 Spider Form              Tmut/Pois      5%         N/A       38%         3
 Ice Form                 Ice/Tmut       5%         N/A       80%         4


Dungeon Overview and Level Annotations

Branches:
Dungeon (1/15)

Altars:


Innate Abilities, Weirdness & Mutations

One of your tentacles has grown a beastly spike.
You cannot wear most types of armour.
You are amphibious.
You can wear up to eight rings at the same time.
Your skin changes colour to match your surroundings (Stealth+).
Your rubbery body absorbs attacks. (AC +1, EV +1)
((You are camouflaged when in or above water. (Stealth+)))
You have tentacles for arms and can constrict up to eight enemies at once.


Message History

Things that are here:
a +0 long sword; a ball python corpse A goblin comes into view.
It is wielding a +0 club.
The bat barely misses you. The bat closely misses you.
Things that are here:
a +0 long sword; a ball python corpse The bat hits you.
The goblin shouts!
The bat barely misses you.
You barely miss the bat. You grab the bat. You constrict the bat.
The bat closely misses you.
The bat struggles to escape constriction.
The bat escapes!
The bat misses you.
You closely miss the bat. Your grab misses the bat.
The bat is moderately wounded.
The bat barely misses you.
Casting: Beastly Appendage (safe; 9% risk of failure)
Confirm with . or Enter, or press ? or * to list all spells.
One of your tentacles grows a vicious spike.
The bat closely misses you. The bat misses you. The goblin barely misses you.
The goblin hits you with a +0 club.
You closely miss the bat. Your grab misses the bat.
The bat is moderately wounded.
The bat barely misses you. The goblin hits you with a +0 club.
The bat hits you. The goblin hits you with a +0 club.
You are too injured to fight recklessly!
The goblin attacks as you move away! The goblin hits you with a +0 club.
* * * LOW HITPOINT WARNING * * *
The bat barely misses you. The bat hits you but does no damage.
The bat closely misses you.
You tentacle-slap the bat. Your grab misses the bat.
The bat is severely wounded.
The bat closely misses you.
You tentacle-slap the goblin. Your grab misses the goblin.
Your squeeze misses the goblin.
The goblin is moderately wounded.
The goblin closely misses you. The goblin hits you with a +0 club.
You die...

..##....##.# #.#..#.#
.##..#..##.# #.#..#.#.#
.##.#.#.##.###.#....#.#
.##..#..##..##....#.#.#
###(...##...........#.# #
#....##.........###.#.#
#...#..#.....#....#.#^####
#..#....#.††.#..#.#.......
#.#......#...#@g.)..#
##........##.#bg#...#
###########.#......#
#.#..#.....#
#.#....#......
#.#..#.####### #.#..#.#
#.#..#.# #.##.#.#


You could see 2 goblins and a bat.

Vanquished Creatures
  2 bats (D:1)
  An endoplasm (D:1)
  A goblin (D:1)
  2 hobgoblins (D:1)
  4 ball pythons (D:1)
  2 frilled lizards (D:1)
  A rat (D:1)
13 creatures vanquished.

Notes
Turn   | Place    | Note
-------+----------+-------------------------------------------
     0 | D:1      | Anamonty the Octopode Transmuter began the quest for the
                  | Orb.
     0 | D:1      | Reached XP level 1. HP: 13/13 MP: 3/3
   115 | D:1      | Reached XP level 2. HP: 13/18 MP: 3/5
   877 | D:1      | Slain by a goblin

Illustrated notes

Levels and vault maps discovered:
D:1:      dpeg_arrival_rooms_c, layout_basic,
          dilly_ecumenical_altar_fadedgnrine, hangedman_decor_slide_cut,
          fountainhead

Action                   || total
-------------------------++-------
Melee: Unarmed           ||    37
       Kick              ||     5
       Constrict         ||     7
       Tentacles         ||     4
       Punch             ||     2
 Cast: Beastly Appendage ||     7
 Stab: Sleeping          ||     1
Armor: Skin              ||    11
Dodge: Dodged            ||    52
